[Event "*** SCC Grand Prix: Titled Tuesday Blitz"]
[Site "Chess.com"]
[Date "2020.10.06"]
[Round "5"]
[White "Loy_Konstantin"]
[Black "narutosmith"]
[Result "0-1"]
[WhiteElo "2346"]
[BlackElo "2226"]
[TimeControl "180+1"]
[EndTime "10:56:31 PDT"]
[Termination "narutosmith won on time"]

1. e4 c5 2. Nf3 e6 3. d3 Nc6 4. g3 g6 5. Bg2 Bg7 6. O-O Nge7 7. Re1 e5 8. Be3 d6 9. c3 O-O 10. h3 Rb8 11. d4 exd4 12. cxd4 Qb6 13. d5 Ne5 14.
Na3 Nxf3+ 15. Bxf3 Qxb2 16. Nc2 Bxh3 17. Bg2 Bxg2 18. Kxg2 f5 19. Bg5 Rf7 20. Rb1 Qxa2 21. Qd3 fxe4 22. Qxe4 Nxd5 23. Ne3 Nc3 24. Qc2 Qxc2 25.
Nxc2 Nxb1 26. Rxb1 b5 27. Bf4 Be5 28. Bxe5 dxe5 29.
Ne3 a6 30. Ng4 Re7 31. Kf3 Kg7 32. Ke4 Rd8 33. Ra1 Rd4+ 34. Kf3 Rf7+ 0-1

[Event "*** SCC Grand Prix: Titled Tuesday Blitz"]
[Site "Chess.com"]
[Date "2020.10.06"]
[Round "5"]
[White "Ze-Pequeno"]
[Black "Oligan22"]
[Result "0-1"]
[WhiteElo "2254"]
[BlackElo "2418"]
[TimeControl "180+1"]
[EndTime "10:56:33 PDT"]
[Termination "Oligan22 won by resignation"]

1. e4 c5 2. Nf3 e6 3. d4 cxd4 4. Nxd4 Nc6 5. Nc3 Qc7 6. Be3 a6 7. Bd3 Nf6 8. O-O b5 9. Nxc6 dxc6 10. a4 b4 11. Ne2 c5 12. c3 c4 13. Bb1 a5 14. f4 Bb7 15. Ng3 Bc5 16. Qe2 O-O 17. Kh1 Bxe3 18. Qxe3 Rfd8 19. e5 Nd5 20. Qe4 g6 21. Qe1 Qb6 22. Be4 Rd7 23. Bxd5 Bxd5 24.
Ne4 Bxe4 25. Qxe4 Rc8 26. Rad1 Qc7 27. h3 Rcd8 28. Rxd7 Rxd7 29. cxb4 axb4 30. Rc1 c3 31. Qxb4 c2 32. Kh2 Rd1 0-1

[Event "*** SCC Grand Prix: Titled Tuesday Blitz"]
[Site "Chess.com"]
[Date "2020.10.06"]
[Round "5"]
[White "dosto07"]
[Black "rugbyclub"]
[Result "0-1"]
[WhiteElo "2342"]
[BlackElo "2183"]
[TimeControl "180+1"]
[EndTime "10:56:33 PDT"]
[Termination "rugbyclub won by resignation"]

1. e4 e5 2. Nf3 Nc6 3. Bb5 a6 4. Bxc6 dxc6 5. O-O Bg4 6. h3 h5 7. d3 Qf6 8. Be3 Bxf3 9. Qxf3 Qxf3 10. gxf3 Bd6 11.
Nd2 f6 12. Rfd1 g5 13. Kf1 Ne7 14. Ke2 Ng6 15. Nc4 c5 16. c3 O-O-O 17. a4 b6 18. a5 b5 19. Nxd6+ cxd6 20. d4 c4 21. Rd2 Rhg8 22.
Rad1 Nf4+ 23. Bxf4 gxf4 24. dxe5 dxe5 25. Rd6 Rxd6 26.
Rxd6 Kc7 27. Rxa6 Rb8 28. Rxf6 b4 29. cxb4 Rxb4 30. Rb6 Rxb6 31. axb6+ Kxb6 32. Kd2 Kb5 33. Kc3 h4 34. b3 cxb3 35. Kxb3 Kc5 36. Kc3 Kb5 37.
Kb3 Kc5 38. Ka4 Kc4 39. Ka5 Kd3 40. Kb5 Ke2 41. Kc5 Kxf3 42. Kd5 Kxf2 43. Kxe5 Kg3 44.
Kd6 f3 45. e5 f2 46. e6 f1=Q 47. e7 Qd1+ 48. Ke6 Qe2+ 49. Kd7 Qd3+ 0-1

[Event "*** SCC Grand Prix: Titled Tuesday Blitz"]
[Site "Chess.com"]
[Date "2020.10.06"]
[Round "5"]
[White "abhidabhi"]
[Black "GigaQuparadze"]
[Result "1-0"]
[WhiteElo "2788"]
[BlackElo "3000"]
[TimeControl "180+1"]
[EndTime "10:56:34 PDT"]
[Termination "abhidabhi won by resignation"]

1. Nf3 c5 2. c4 Nc6 3. Nc3 Nf6 4. e3 e5 5. Be2 d5 6. cxd5 Nxd5 7. O-O Nc7 8. a3 Be7 9. Qc2 O-O 10. d3 b6 11.
Rd1 Bb7 12. b3 Rc8 13. Bb2 Ne6 14. Ne4 f6 15. d4 cxd4 16. Bc4 Qd7 17. exd4 b5 18.
dxe5 Qxd1+ 19. Qxd1 bxc4 20. Qd7 Ned8 21. exf6 gxf6 22. bxc4 Ba6 23. Qg4+ Kh8 24. Qf5 Kg8 25. Bxf6 Rf7 26. Nfg5 Nd4 27. Qg4 Rxf6 28. Nxf6+ Bxf6 29. Ne6+ Kf7 30. Nxd4 Rxc4 31. Qd7+ Kg6 32. Rd1 Nf7 33. Qf5+ Kg7 34. Ne6+ 1-0

[Event "*** SCC Grand Prix: Titled Tuesday Blitz"]
[Site "Chess.com"]
[Date "2020.10.06"]
[Round "5"]
[White "vladislavkovalev"]
[Black "731291"]
[Result "1-0"]
[WhiteElo "2868"]
[BlackElo "2651"]
[TimeControl "180+1"]
[EndTime "10:56:34 PDT"]
[Termination "vladislavkovalev won by resignation"]

1. e4 c5 2. Nf3 e6 3. Nc3 a6 4. d4 cxd4 5. Nxd4 Nc6 6. g3 Qc7 7. Bg2 d6 8. O-O Bd7 9. Re1 Be7 10. h3 Nf6 11. a4 O-O 12. Nde2 Rab8 13. g4 Rfd8 14. g5 Ne8 15. Ng3 b5 16. axb5 axb5 17. h4 b4 18. Nce2 Rdc8 19. h5 Ne5 20. Nd4 Nc6 21. Be3 Nxd4 22. Qxd4 e5 23. Qd1 Qxc2 24.
Ra7 Qxd1 25. Rxd1 Rc7 26. Rda1 g6 27. Rxc7 Nxc7 28. Ra7 Bd8 29. Bf1 Be6 30. f4 exf4 31. Bxf4 Ne8 32. Be3 Bb6 33. Bxb6 Rxb6 34. h6 Kf8 35.
Kf2 Rc6 36. Bb5 Rc8 37. Ne2 Nc7 38. Bc6 Ne8 39. Nd4 Bc4 40. Ke3 b3 41. Rb7 Nc7 42. Bd7 1-0

[Event "*** SCC Grand Prix: Titled Tuesday Blitz"]
[Site "Chess.com"]
[Date "2020.10.06"]
[Round "5"]
[White "Shankovskyi"]
[Black "dominikaf"]
[Result "1-0"]
[WhiteElo "2471"]
[BlackElo "2268"]
[TimeControl "180+1"]
[EndTime "10:56:34 PDT"]
[Termination "Shankovskyi won by resignation"]

1. e4 e5 2. Nf3 Nc6 3. Bc4 Nf6 4.
Ng5 d5 5. exd5 Nd4 6. c3 b5 7.
Bf1 Nxd5 8. cxd4 Qxg5 9. Bxb5+ Kd8 10. Qf3 Bb7 11. Nc3 c6 12. Bc4 exd4 13. Nxd5 cxd5 14.
Bb5 Bd6 15. O-O Qf4 16. Qh3 Bc8 17. Qg3 Qxg3 18. hxg3 Bd7 19. Ba6 Kc7 20. b3 Kb6 21.
Bd3 Be5 22. Re1 Bf6 23. Ba3 Rhe8 24. Rac1 Rxe1+ 25. Rxe1 h6 26. Kf1 Re8 27. Rc1 Rc8 28. Rxc8 Bxc8 29. Ke2 Bg4+ 30. f3 Bd7 31. g4 Kc6 32. Bf8 Kc7 33. a4 Kd8 34. Bc5 Kc7 35.
Bxa7 Kb7 36. Bc5 Kc6 37. Bf8 Bc8 38. b4 Bb7 39. Bb5+ Kb6 40. Kd3 Bc6 41. Bxc6 Kxc6 42. Bc5 Bd8 43. Bxd4 f6 44. b5+ Kb7 45. Bc5 1-0

[Event "*** SCC Grand Prix: Titled Tuesday Blitz"]
[Site "Chess.com"]
[Date "2020.10.06"]
[Round "5"]
[White "anon569"]
[Black "amatatanav"]
[Result "0-1"]
[WhiteElo "2246"]
[BlackElo "2396"]
[TimeControl "180+1"]
[EndTime "10:56:35 PDT"]
[Termination "amatatanav won on time"]

1. e4 c5 2. Nf3 Nc6 3. d4 cxd4 4. Nxd4 g6 5. Nc3 Bg7 6. Be3 Nf6 7. Bc4 O-O 8. Bb3 d5 9. exd5 Na5 10. O-O Nxb3 11. Nxb3 b6 12. Qd2 Bb7 13. Rad1 Qd7 14. Rfe1 Rad8 15. Qc1 Rfe8 16. Bd4 Qf5 17. Re5 Qc8 18.
Ree1 Nxd5 19. Bxg7 Kxg7 20. Nxd5 Rxd5 21. Nd4 Red8 22. c3 e5 23. Ne2 Rxd1 24. Rxd1 Qg4 25. f3 Bxf3 0-1

[Event "*** SCC Grand Prix: Titled Tuesday Blitz"]
[Site "Chess.com"]
[Date "2020.10.06"]
[Round "5"]
[White "nochewycandy"]
[Black "BeanScreen"]
[Result "0-1"]
[WhiteElo "2490"]
[BlackElo "2671"]
[TimeControl "180+1"]
[EndTime "10:56:36 PDT"]
[Termination "BeanScreen won by resignation"]

1. e4 e5 2. Nc3 Nc6 3. Bc4 Nf6 4. d3 Na5 5. Nge2 Bc5 6. O-O O-O 7. a3 Nxc4 8. dxc4 d6 9. h3 Be6 10. b3 a5 11. Qd3 Nd7 12. Kh1 c6 13. Be3 f5 14. f4 Kh8 15. Bxc5 Nxc5 16. Qe3 Nxe4 17.
Nxe4 fxe4 18. fxe5 d5 19. cxd5 Qxd5 20. Qd4 Kg8 21.
c4 Qxd4 22. Nxd4 Bf7 23. e6 Bg6 24. b4 Rxf1+ 25. Rxf1 axb4 26. axb4 Rd8 27. Nb3 e3 28. Re1 Rd3 29. Nc5 Rc3 30. Nxb7 Kf8 31. Nd8 Rxc4 32. Rxe3 Ke7 33. Nb7 Rxb4 34. Nc5 Rc4 35. Nb3 Re4 36. Rc3 Rxe6 37. Nd4 Re1+ 38. Kh2 Be4 39.
Nxc6+ Kf6 40. Nd4 Rd1 41. Rc4 Rd2 42. Rb4 Rxg2+ 0-1

[Event "*** SCC Grand Prix: Titled Tuesday Blitz"]
[Site "Chess.com"]
[Date "2020.10.06"]
[Round "5"]
[White "boasovietica"]
[Black "novocane"]
[Result "1-0"]
[WhiteElo "2457"]
[BlackElo "2273"]
[TimeControl "180+1"]
[EndTime "10:56:36 PDT"]
[Termination "boasovietica won by checkmate"]

1. e4 c5 2. Nf3 Nc6 3. Nc3 e5 4.
Bc4 Be7 5. d3 d6 6. Nd2 Bg5 7.
Nf1 Bxc1 8. Rxc1 Nf6 9. Ne3 O-O 10. O-O a6 11. a4 Be6 12. Ncd5 Rb8 13. f4 b5 14.
axb5 axb5 15. Ba2 exf4 16. Rxf4 Bxd5 17. Nxd5 Nxd5 18. Bxd5 Ne7 19. Bb3 d5 20. exd5 Nxd5 21. Rf2 Ne3 22. Qf3 Qd4 23. Bxf7+ Kh8 24. c3 Qxd3 25.
Re1 Rbe8 26. Bxe8 Rxf3 27. Rxf3 g5 28. Rfxe3 Qd2 29. Bxb5 Qxb2 30. Bc4 Qd2 31. h3 Kg7 32. Re7+ Kg6 33. R1e6+ Kf5 34. Rf7# 1-0

[Event "*** SCC Grand Prix: Titled Tuesday Blitz"]
[Site "Chess.com"]
[Date "2020.10.06"]
[Round "5"]
[White "ErikRonka"]
[Black "A-Fier"]
[Result "0-1"]
[WhiteElo "2447"]
[BlackElo "2764"]
[TimeControl "180+1"]
[EndTime "10:56:38 PDT"]
[Termination "A-Fier won on time"]

1. e4 c5 2. Nf3 Nf6 3. Nc3 Nc6 4. d4 cxd4 5. Nxd4 e6 6. Ndb5 Bc5 7. Bf4 O-O 8. Bc7 Qe7 9. Bd6 Bxd6 10. Qxd6 Qd8 11.
O-O-O Ne7 12. Nc7 Rb8 13. Nxe6 fxe6 14. Qxb8 Ng4 15. f3 Nf2 16. Be2 Nc6 17. Qg3 Nxh1 18. Rxh1 a6 19. Rd1 b5 20. a3 b4 21. axb4 Nxb4 22. Qd6 Qa5 23. Kb1 Nc6 24. Bc4 Ne5 25.
Bb3 Ng6 26. Nd5 Qb5 27. Ne7+ Nxe7 28. Qxe7 h6 29. Bd5 exd5 30. Rxd5 Qf1+ 31. Ka2 Qxg2 32. Rf5 Rxf5 33. exf5 Bb7 34. f6 Bd5+ 35. Ka3 Qxf3+ 36. b3 Qxf6 37. Qxd7 Qe6 38. Qd8+ Kh7 39. c4 Bxc4 40.
bxc4 Qxc4 41. h4 Qc3+ 42. Ka2 Qf3 43. Qd4 Qf5 44. Qd6 a5 45. Qd3 Qxd3 0-1

[Event "*** SCC Grand Prix: Titled Tuesday Blitz"]
[Site "Chess.com"]
[Date "2020.10.06"]
[Round "5"]
[White "DariaVoit"]
[Black "VinzentSpitzl"]
[Result "1-0"]
[WhiteElo "2503"]
[BlackElo "2329"]
[TimeControl "180+1"]
[EndTime "10:56:38 PDT"]
[Termination "DariaVoit won by resignation"]

1. f4 d5 2. Nf3 Nf6 3. g3 g6 4.
Bg2 Bg7 5. O-O O-O 6. d3 c5 7.
Qe1 Nc6 8. e4 dxe4 9. dxe4 Bg4 10. e5 Nd5 11. c3 f6 12. exf6 exf6 13. Na3 Re8 14. Qf2 Qc7 15. Bd2 b6 16. Ne5 fxe5 17. Bxd5+ Kh8 18. fxe5 Bxe5 19. Qg2 Rac8 20. Rae1 Na5 21.
Rf7 Qd6 22. Nb5 Qd8 23. Bh6 Re7 24. Rxe7 Qxe7 25. Qe4 Re8 26. Qxg4 Bd4+ 27. Qxd4+ cxd4 28. Rxe7 Rxe7 29. Nxd4 Nb7 30. Bg5 Rd7 31. Bf6+ 1-0

[Event "*** SCC Grand Prix: Titled Tuesday Blitz"]
[Site "Chess.com"]
[Date "2020.10.06"]
[Round "5"]
[White "VitaliyBernadskiy"]
[Black "remi04"]
[Result "1-0"]
[WhiteElo "2737"]
[BlackElo "2554"]
[TimeControl "180+1"]
[EndTime "10:56:40 PDT"]
[Termination "VitaliyBernadskiy won by resignation"]

1. e4 c5 2. Nf3 d6 3. Nc3 e6 4. g3 Nc6 5. Bg2 Nf6 6. O-O Be7 7. d4 cxd4 8. Nxd4 Nxd4 9. Qxd4 O-O 10. e5 dxe5 11.
Qxe5 Bd6 12. Qe2 a6 13. Rd1 Qc7 14. Bg5 Be7 15. Bf4 Qb6 16. Be5 Nd7 17. Bd4 Qa5 18.
Nd5 Bc5 19. Bc3 Qd8 20. Qg4 e5 21. Qh5 g6 22. Qh6 Re8 23. Rd2 Bf8 24. Qe3 h6 25. Rad1 Bg7 26. h4 h5 27. Bh3 Kh8 28. Bxd7 Qxd7 29. Nb6 Qh3 30. Nxa8 Bg4 31. Rd8 Rxd8 32.
Rxd8+ Kh7 33. Bxe5 f6 34. Bc3 Bd7 35. Nb6 Bc6 36.
Nd5 Qf5 37. Ne7 Qh3 38. Nxc6 1-0

[Event "*** SCC Grand Prix: Titled Tuesday Blitz"]
[Site "Chess.com"]
[Date "2020.10.06"]
[Round "5"]
[White "topotun"]
[Black "Andreikka"]
[Result "0-1"]
[WhiteElo "2743"]
[BlackElo "2899"]
[TimeControl "180+1"]
[EndTime "10:56:41 PDT"]
[Termination "Andreikka won on time"]

1. e4 e5 2. Nf3 Nc6 3. Bb5 a6 4.
Ba4 Nf6 5. Qe2 b5 6. Bb3 Bc5 7. c3 d6 8. d3 h6 9. h3 Qe7 10.
Nbd2 Be6 11. Nf1 Rb8 12. g4 Bxb3 13. axb3 a5 14. Ng3 g6 15. Be3 Bxe3 16. Qxe3 Qe6 17. d4 Qxb3 18. dxe5 dxe5 19. Qc5 Qe6 20. Rd1 Nd7 21.
Qe3 Nb6 22. O-O Qe7 23. Kg2 a4 24. Qe2 Nc4 25. Rd5 Nd6 26. Rfd1 O-O 27. Qe3 Kh7 28. Qc5 Rb6 29. Nxe5 Na5 30. Qe3 Nb3 31. Qf4 Qe6 32.
h4 Rbb8 33. Nc6 Rbe8 0-1

[Event "*** SCC Grand Prix: Titled Tuesday Blitz"]
[Site "Chess.com"]
[Date "2020.10.06"]
[Round "5"]
[White "Bigfish1995"]
[Black "chessdjw"]
[Result "1-0"]
[WhiteElo "3102"]
[BlackElo "2644"]
[TimeControl "180+1"]
[EndTime "10:56:41 PDT"]
[Termination "Bigfish1995 won on time"]

1. d4 Nf6 2. c4 g6 3. g3 Bg7 4. Bg2 O-O 5. Nc3 Nc6 6. Nf3 d5 7. Ne5 dxc4 8. Nxc6 bxc6 9. Qa4 Nd5 10. Qxc4 Nb6 11.
Qxc6 Rb8 12. d5 Bb7 13. Qc5 Qd6 14. Be3 Bxc3+ 15. Qxc3 Nxd5 16. Bxd5 Qxd5 17. f3 c5 18. Bh6 f6 19. Bxf8 Kxf8 20. Kf2 Ba6 21. Rhd1 Qe6 22.
Rd2 Rc8 23. b3 Kg7 24. Rad1 Rc7 25. Qe3 Qc6 26. h4 Bb5 27. g4 Ba6 28. h5 g5 29.
Rd8 h6 30. R1d6 exd6 31. Qe6 Rf7 32. Qf5 1-0

[Event "*** SCC Grand Prix: Titled Tuesday Blitz"]
[Site "Chess.com"]
[Date "2020.10.06"]
[Round "5"]
[White "Alindsay211"]
[Black "BikingBrian"]
[Result "1-0"]
[WhiteElo "2398"]
[BlackElo "2209"]
[TimeControl "180+1"]
[EndTime "10:56:43 PDT"]
[Termination "Alindsay211 won by resignation"]

1. e4 c5 2. Nf3 g6 3. d4 cxd4 4. Nxd4 Nc6 5. c4 Nf6 6. Nc3 d6 7. Be2 Nxd4 8. Qxd4 Bg7 9. Qd1 O-O 10. Be3 a5 11. f3 a4 12. Kf1 Be6 13. Qd2 Qa5 14. Rc1 Rfc8 15. Kf2 Bxc4 16. Bxc4 Rxc4 17. Rhd1 Rac8 18. Ne2 Qxd2 19. Bxd2 Rxc1 20. Rxc1 Rxc1 21.
Bxc1 Nd7 22. g4 Nc5 23. Ke3 Bh6+ 24. Kd4 Bxc1 25. Nxc1 b5 26. Kd5 Kg7 27. e5 f5 28.
exd6 exd6 29. Kxd6 Na6 30. a3 fxg4 31. fxg4 b4 32.
Nd3 bxa3 33. bxa3 Kf6 34. h4 h5 35. gxh5 gxh5 36. Nf4 Kf5 37. Nxh5 Kg4 38. Nf6+ Kxh4 39. Ne4 Kg4 40. Nc3 Kf4 41. Nxa4 Ke4 42. Nc5+ Nxc5 43.
Kxc5 Ke5 44. a4 Ke6 45. Kc6 1-0

[Event "*** SCC Grand Prix: Titled Tuesday Blitz"]
[Site "Chess.com"]
[Date "2020.10.06"]
[Round "5"]
[White "rasmussvane"]
[Black "Moultino06"]
[Result "1-0"]
[WhiteElo "2906"]
[BlackElo "2653"]
[TimeControl "180+1"]
[EndTime "10:56:44 PDT"]
[Termination "rasmussvane won by resignation"]

1. Nf3 Nc6 2. d4 d6 3. e4 g6 4. d5 Ne5 5. Nxe5 dxe5 6. Bb5+ Bd7 7. Bxd7+ Qxd7 8. Nc3 Bg7 9. O-O Nf6 10. f4 exf4 11. Bxf4 O-O 12. Qe2 e6 13. Be5 Nh5 14. Bxg7 Nxg7 15.
Rad1 Rad8 16. e5 exd5 17. Nxd5 Qe6 18. Rf6 Qe8 19. Rf3 Qe6 20. Rf6 Qe8 21. Rf3 Qe6 22.
Nf6+ Kh8 23. Rdf1 Qb6+ 24. Kh1 Ne6 25. Rh3 Ng5 26. Rh4 Qxb2 27. Qe3 Qb5 28. c4 Qa4 29. Qxg5 1-0

[Event "*** SCC Grand Prix: Titled Tuesday Blitz"]
[Site "Chess.com"]
[Date "2020.10.06"]
[Round "5"]
[White "flexova"]
[Black "AleksanderHnydiuk"]
[Result "0-1"]
[WhiteElo "2383"]
[BlackElo "2554"]
[TimeControl "180+1"]
[EndTime "10:56:44 PDT"]
[Termination "AleksanderHnydiuk won by resignation"]

1. e4 c5 2. Nc3 Nc6 3. Bb5 Nd4 4. Nf3 e6 5. O-O Ne7 6. Nxd4 cxd4 7. Ne2 a6 8. Ba4 b5 9. Bb3 Nc6 10. d3 Be7 11. f4 O-O 12. Qe1 Bh4 13. g3 Be7 14. Qf2 Qc7 15. g4 Bb7 16. g5 f6 17. gxf6 Rxf6 18.
Bd2 Raf8 19. Kh1 Ne5 20. Rg1 Ng6 21. Nxd4 Nxf4 22. Bxf4 Rxf4 23. Qg3 Bf6 24. Bxe6+ Kh8 25. Ne2 dxe6 26. Qxf4 Qxc2 27. Rg2 Qxd3 28. Ng3 Kg8 29. Rf1 Be7 30. Nf5 exf5 31. Qe5 Qxf1+ 0-1

[Event "*** SCC Grand Prix: Titled Tuesday Blitz"]
[Site "Chess.com"]
[Date "2020.10.06"]
[Round "5"]
[White "tdf98pantani"]
[Black "Artyom_ChessMate"]
[Result "1-0"]
[WhiteElo "2722"]
[BlackElo "2511"]
[TimeControl "180+1"]
[EndTime "10:56:45 PDT"]
[Termination "tdf98pantani won on time"]

1. e4 e5 2. Nf3 Nc6 3. Bc4 Bc5 4.
c3 Nf6 5. d3 d6 6. O-O h6 7. a4 a5 8. Nbd2 O-O 9. Re1 Bb6 10.
Nf1 Re8 11. Ng3 Be6 12. Bb5 Qb8 13. h3 Qa7 14. Re2 Bd7 15. Nh4 d5 16. Nhf5 dxe4 17. dxe4 Rad8 18. Bd2 Bxf5 19. Nxf5 Bxf2+ 20. Kh2 Kh7 21. Qf1 Nxe4 22. Bxh6 gxh6 23. Rxe4 Rd2 24. Qc4 Re6 25.
Rg4 Qc5 26. Qe4 Kh8 27. Rf1 Rg6 28. Rxg6 fxg6 29. Nxh6 Kg7 30. Ng4 Rxb2 31. Qf3 e4 32. Qf6+ Kh7 33. Qf7+ Kh8 34. Nf6 Qe5+ 35. Kh1 1-0

[Event "*** SCC Grand Prix: Titled Tuesday Blitz"]
[Site "Chess.com"]
[Date "2020.10.06"]
[Round "5"]
[White "Matveev_Vladimir"]
[Black "Durarbayli"]
[Result "0-1"]
[WhiteElo "2617"]
[BlackElo "2807"]
[TimeControl "180+1"]
[EndTime "10:56:46 PDT"]
[Termination "Durarbayli won by resignation"]

1. d4 Nf6 2. c4 e6 3. Nf3 b6 4.
a3 Ba6 5. Qc2 Bb7 6. Nc3 c5 7.
dxc5 Bxc5 8. Bg5 h6 9. Bh4 Be7 10. Rd1 O-O 11. e3 d6 12. Be2 a6 13. O-O Qc7 14. Nd4 Nbd7 15. Rc1 Rac8 16. Rfd1 Qb8 17. b4 Qa8 18. f3 d5 19. Qa2 Rfe8 20. cxd5 Nxd5 21. Bxe7 Nxc3 22. Rxc3 Rxc3 23. Bh4 Rxe3 24.
Bf2 Re5 25. Bf1 Nf6 26. Rc1 Rc8 27. Rxc8+ Qxc8 28. Ne2 Rd5 29. Qb3 b5 30. Nf4 Rd2 31. Be3 Qc2 0-1

[Event "*** SCC Grand Prix: Titled Tuesday Blitz"]
[Site "Chess.com"]
[Date "2020.10.06"]
[Round "5"]
[White "Yashasd1995"]
[Black "denispopov"]
[Result "0-1"]
[WhiteElo "2594"]
[BlackElo "2005"]
[TimeControl "180+1"]
[EndTime "10:56:48 PDT"]
[Termination "denispopov won by resignation"]

1. b3 Nf6 2. Bb2 g6 3. Bxf6 exf6 4. c4 Bg7 5. Nc3 O-O 6. g3 c6 7. Bg2 f5 8. Rc1 d6 9. e3 Nd7 10. d4 Nf6 11. Nf3 Re8 12. O-O Ne4 13. b4 a6 14.
Qd3 Qe7 15. a4 Bd7 16. Rfe1 Bf6 17. Nd2 Nxc3 18. Rxc3 Kg7 19. Nb3 Rad8 20. Rcc1 Bc8 21. b5 Qc7 22. h4 h6 23. Qd2 g5 24. hxg5 hxg5 25. Qa5 b6 26. Qd2 c5 27. Bc6 Rh8 28.
Kg2 Bb7 29. d5 Bc8 30. a5 Rh6 31. Rh1 Rdh8 32. Rxh6 Rxh6 33. axb6 Qxb6 34. Qa5 Qa7 35. b6 Qe7 36. Nd2 f4 37. exf4 gxf4 38. Qa3 Bd4 39.
Qf3 fxg3 40. Ne4 Bh3+ 41. Kg1 gxf2+ 42. Nxf2 Qg5+ 43. Kh2 Bc8+ 44. Nh3 Rxh3+ 45. Qxh3 Bxh3 46. Kxh3 Qxc1 0-1

[Event "*** SCC Grand Prix: Titled Tuesday Blitz"]
[Site "Chess.com"]
[Date "2020.10.06"]
[Round "5"]
[White "akanga001"]
[Black "zurzan"]
[Result "0-1"]
[WhiteElo "1873"]
[BlackElo "1946"]
[TimeControl "180+1"]
[EndTime "10:56:48 PDT"]
[Termination "zurzan won by checkmate"]

1. d4 d6 2. c4 f5 3. Nc3 Nf6 4. Bg5 Nbd7 5. e3 e6 6. Nf3 Be7 7. Bd3 O-O 8. Qc2 a6 9. O-O c6 10. e4 fxe4 11. Nxe4 Nxe4 12. Bxe7 Qxe7 13. Bxe4 Nf6 14. Bd3 c5 15. Rae1 cxd4 16. Nxd4 e5 17. Nb3 Bd7 18. Qc3 Rae8 19. c5 d5 20. Na5 d4 21. Bc4+ Kh8 22. Qb3 Qxc5 23. Nxb7 Qc7 24. Bxa6 Bc6 25. Rc1 Rb8 26. Bb5 Rxb7 27. Rxc6 Qe7 28.
a4 e4 29. Re6 Qc5 30. Qd1 d3 31. Qd2 Qf5 32. Rd6 Rbf7 33. f3 exf3 34. Rxf3 Qc5+ 35. Qf2 Qxd6 36. Rxd3 Qe5 37. h3 Ne4 38. Qe3 Rf1# 0-1

[Event "*** SCC Grand Prix: Titled Tuesday Blitz"]
[Site "Chess.com"]
[Date "2020.10.06"]
[Round "5"]
[White "Chessbard1972"]
[Black "mhennigan"]
[Result "1-0"]
[WhiteElo "2273"]
[BlackElo "2403"]
[TimeControl "180+1"]
[EndTime "10:56:49 PDT"]
[Termination "Chessbard1972 won on time"]

1. e4 g6 2. d4 Bg7 3. Nc3 d6 4.
Nge2 Nf6 5. h3 O-O 6. g3 e5 7. Bg2 Nc6 8. Be3 a6 9. a4 Bd7 10. O-O exd4 11. Nxd4 Re8 12. Re1 Nb4 13. Qd2 c5 14. Nde2 Bc6 15. f3 b6 16. Rad1 d5 17. exd5 Nfxd5 18. Bg5 Qc7 19. Ne4 f5 20. c4 fxe4 21.
cxd5 Bxd5 22. fxe4 Bxe4 23. Bxe4 Rxe4 24. Nf4 Qc6 25. b3 Rae8 26. Rxe4 Qxe4 27. Kh2 h6 28. Bd8 g5 29. Nh5 Qe2+ 30. Qxe2 Rxe2+ 31. Kh1 Bd4 32.
Bxb6 Re3 33. Rb1 Kf7 34. Rf1+ Kg6 35. g4 Rxh3+ 36. Kg2 Rxb3 37. Bxc5 Bxc5 38. Rf6+ Kh7 39. Rf7+ Kg8 40. Rc7 Nd3 41. Nf6+ Kf8 42. Rd7 1-0

[Event "*** SCC Grand Prix: Titled Tuesday Blitz"]
[Site "Chess.com"]
[Date "2020.10.06"]
[Round "5"]
[White "lacafi"]
[Black "MusicCityMaster"]
[Result "0-1"]
[WhiteElo "2085"]
[BlackElo "2306"]
[TimeControl "180+1"]
[EndTime "10:56:49 PDT"]
[Termination "MusicCityMaster won on time"]

1. d4 Nf6 2. Nf3 c5 3. e3 e6 4.
Bd3 d5 5. c3 Nc6 6. Nbd2 Bd6 7. Qe2 O-O 8. dxc5 Bxc5 9. e4 dxe4 10.
Nxe4 Nxe4 11. Qxe4 f5 12. Qc4 Qb6 13. O-O Kh8 14. Bf4 Bd7 15. Ne5 Nxe5 16. Bxe5 Rac8 17.
Qh4 Rf7 18. g4 Be7 19. g5 Kg8 20. Qh5 g6 21. Qh6 Qc5 22. Bd4 Qd5 23. Rae1 Qf3 24. Re3 Qf4 25. Rg3 Bc6 26. Bc4 Bd5 27. Bxd5 exd5 28.
Re1 Re8 29. Be5 Bf8 30. Qxf8+ Kxf8 0-1

[Event "*** SCC Grand Prix: Titled Tuesday Blitz"]
[Site "Chess.com"]
[Date "2020.10.06"]
[Round "5"]
[White "vanea_03"]
[Black "Shield12"]
[Result "0-1"]
[WhiteElo "2695"]
[BlackElo "2848"]
[TimeControl "180+1"]
[EndTime "10:56:50 PDT"]
[Termination "Shield12 won by resignation"]

1. c4 e5 2. Nc3 Bb4 3. Nd5 Bc5 4. Nf3 c6 5. Nc3 d6 6. e3 Bb4 7. Qc2 Qe7 8. a3 Bxc3 9. Qxc3 Nf6 10. d3 O-O 11. Be2 Re8 12. O-O e4 13. dxe4 Nxe4 14. Qc2 Bf5 15. Bd3 Nd7 16. b4 Bg6 17. Bb2 Ng5 18.
Nd2 Bxd3 19. Qxd3 Rad8 20. Rad1 Nf8 21. Qd4 Nge6 22. Qg4 Qg5 23. Qxg5 Nxg5 24. Nb3 Rd7 25. Rd3 Red8 26. Rfd1 f5 27. f3 Kf7 28. Kf2 Nge6 29. h3 Nc7 30. Na5 Nce6 31. g4 f4 32. R3d2 fxe3+ 33. Kxe3 Ng6 34. Kf2 Ngf4 35. Kg3 d5 36.
cxd5 Nxd5 37. Be5 Re8 38. f4 g5 39. fxg5 Nxg5 40. Re2 Rde7 41. Nc4 Kg8 42. Rde1 Nf7 43. Kf2 b5 44. Nd6 Nxe5 45. Nxe8 Nd3+ 46. Kg3 Nxe1 47. Nf6+ Kg7 48. Nh5+ Kh8 49. Rf2 Kg8 50. Rf5 Nc2 51. g5 Nxa3 0-1

[Event "*** SCC Grand Prix: Titled Tuesday Blitz"]
[Site "Chess.com"]
[Date "2020.10.06"]
[Round "5"]
[White "Angel_Hranitel_37"]
[Black "crescentmoon2411"]
[Result "1/2-1/2"]
[WhiteElo "2537"]
[BlackElo "2793"]
[TimeControl "180+1"]
[EndTime "10:56:50 PDT"]
[Termination "Game drawn by repetition"]

1. d4 Nf6 2. Nf3 c5 3. d5 g6 4. c4 Bg7 5. Qc2 O-O 6. e4 d6 7.
Nc3 e6 8. Be2 exd5 9. cxd5 Re8 10. O-O a6 11. a4 Bg4 12. Bf4 Nh5 13. Be3 Nd7 14. h3 Bxf3 15. Bxf3 Nhf6 16. Qb3 Rb8 17. a5 b5 18. axb6 Qxb6 19. Qxb6 Rxb6 20. Ra2 Reb8 21. Rfa1 Ne8 22. Bg4 Ne5 23. Be2 Nc7 24. f4 Nd7 25.
Na4 Rb4 26. Bd3 Rb3 27. Ra3 R8b4 28. Rxb3 Rxb3 29. Ra3 Rb4 30. Bd2 Rb8 31. Ba5 Nb5 32. Rb3 Re8 33. Nc3 Bxc3 34. bxc3 c4 35. Bxc4 Nc5 36. Bxb5 axb5 37. Rxb5 Nxe4 38. Bb4 f5 39.
Rb7 Ra8 40. Re7 Ra1+ 41. Kh2 h5 42. Re6 Kf7 43. Bxd6 h4 44. Re7+ Kg8 45. Re8+ Kf7 46. Re7+ Kg8 47. Re8+ Kf7 48. Re7+ 1/2-1/2

[Event "*** SCC Grand Prix: Titled Tuesday Blitz"]
[Site "Chess.com"]
[Date "2020.10.06"]
[Round "5"]
[White "zubridis"]
[Black "penguingm1"]
[Result "0-1"]
[WhiteElo "2467"]
[BlackElo "2844"]
[TimeControl "180+1"]
[EndTime "10:56:50 PDT"]
[Termination "penguingm1 won by resignation"]

1. e4 e5 2. Nf3 Nc6 3. Bb5 g6 4. d4 exd4 5. c3 a6 6. Bc4 Bg7 7. cxd4 b5 8. Bb3 Na5 9. Bc2 Ne7 10. O-O O-O 11. Nc3 d6 12. h3 c5 13. b3 cxd4 14. Nxd4 Bb7 15. Be3 d5 16. Qd2 b4 17. Nxd5 Nxd5 18.
exd5 Qxd5 19. f3 Nc6 20. Be4 Qd7 21. Nxc6 Bxc6 22. Qxd7 Bxd7 23. Rad1 Bb5 24. Bxa8 Bxf1 25. Bc6 Be2 26. Rd2 Bb5 27. Bxb5 axb5 28. Rd5 Re8 29. Kf2 Ra8 30. Rxb5 Rxa2+ 31. Kg3 Bc3 32. Bh6 f5 33. Rb7 Rb2 34. Kf4 Rxb3 35. g4 fxg4 36. hxg4 Bd2+ 37. Ke5 Bxh6 38. f4 Re3+ 39. Kd4 Bxf4 40.
Rxb4 Re8 41. Kd5 Bg5 42. Kc6 Kg7 43. Kd7 Re7+ 44. Kd6 Bf6 0-1